 Dungeon Crawl Stone Soup version 0.23.2-1-ga50397a6bc (webtiles) character file.

Game seed: 11381269779203570423

114 Kinoniko the Poker (level 4, -2/34 HPs)
             Began as a Merfolk Gladiator on May 3, 2019.
             Killed from afar by Natasha (5 damage)
             ... with a magic dart
             ... on level 3 of the Dungeon.
             The game lasted 00:03:59 (1500 turns).

Kinoniko the Poker (Merfolk Gladiator)              Turns: 1500, Time: 00:04:00

Health: -2/34      AC:  7    Str: 15    XL:     4   Next: 97%
Magic:  4/4        EV: 10    Int:  7    God:
Gold:   124        SH:  0    Dex: 15    Spells: 3/3 levels left

rFire    . . .     SeeInvis .   a - +1 trident
rCold    . . .     Gourm    .   (no shield)
rNeg     . . .     Faith    .   e - +0 scale mail
rPois    .         Spirit   .   c - +0 helmet
rElec    .         Reflect  .   (no cloak)
rCorr    .         Harm     .   (no gloves)
MR       .....                  (no boots)
Stlth    ..........             i - amulet of magic regeneration
HPRegen  0.11/turn              g - -2 ring of evasion (curse)
MPRegen  0.34/turn              m - ring of attention (curse)

@: slowed, very slow
A: change form in water, swift swim, stealthy swim
a: no special abilities


You were on level 3 of the Dungeon.
You were not hungry.

You visited 1 branch of the dungeon, and saw 3 of its levels.

You collected 124 gold pieces.

Inventory:

Hand Weapons
 a - a +1 trident (weapon)
Missiles
 d - 3 throwing nets (quivered)
Armour
 b - a +0 leather armour
 c - a +0 helmet (worn)
 e - a +0 scale mail (worn)
Jewellery
 g - a cursed -2 ring of evasion (left hand)
 i - an amulet of magic regeneration (around neck)
 m - a cursed ring of attention (right hand)
 r - an uncursed ring of protection from cold
 s - an uncursed ring of see invisible
Potions
 h - a potion of lignification
 j - a potion of flight {unknown}
 k - a potion of heal wounds {unknown}
 l - a potion of curing
 o - a potion of brilliance {unknown}
 p - a potion of agility {unknown}
 t - a potion of resistance {unknown}
Comestibles
 f - 4 rations
 n - 6 chunks of flesh


   Skills:
 * Level 2.7 Fighting
 * Level 6.1 Polearms
 - Level 2.1 Throwing
 * Level 1.2 Armour
 * Level 5.0 Dodging


You had 3 spell levels left.
You didn't know any spells.
Your spell library was empty.

Dungeon Overview and Level Annotations

Branches:
Dungeon (3/15)

Altars:
Uskayaw
Zin

Annotations:
D:3 Natasha


Message History

Natasha closely misses you. The rat bites you.
The white imp hits you but does no damage.
You closely miss Natasha.
Natasha is heavily wounded.
Natasha barely misses you. The rat bites you but does no damage.
The white imp hits you. The white imp freezes you.
Natasha claws you but does no damage. The rat misses you.
The white imp gestures at you. The puff of frost hits you!
* * * LOW HITPOINT WARNING * * *
You hit Natasha but do no damage.
Natasha is heavily wounded.
Natasha claws you.
* * * LOW HITPOINT WARNING * * *
The rat closely misses you. The white imp barely misses you.
You closely miss Natasha.
Natasha is heavily wounded.
Natasha casts a spell at you. The magic dart hits you.
You die...

#.....####.##..
#.....'....##..
#.....#######..##
#.....'.........#
#.....#########.######.#
#.....'÷...........[....
#.....#......###.#####.#
######.........5r.......
#........#@#†.###.#
#........#h#..r..
#........#5#....#.#
#........#.#$...#
#........#.#......
#.#...##.# #.....+ ..
#.#


You could see Natasha, a white imp, a shadow imp and a rat.

Vanquished Creatures
  A hound (D:2)
  2 adders (D:2)
  An ooze (D:3)
  2 worms
  A dart slug (D:1)
  2 leopard geckos (D:1)
  A ball python (D:3)
  8 goblins
  7 hobgoblins
  2 jackals (D:1)
  2 quokkas (D:2)
  6 bats
  A frilled lizard (D:2)
  11 kobolds
  4 rats
51 creatures vanquished.

Notes
Turn   | Place    | Note
-------+----------+-------------------------------------------
     0 | D:1      | Kinoniko the Merfolk Gladiator began the quest for the Orb.
     0 | D:1      | Reached XP level 1. HP: 16/16 MP: 1/1
    66 | D:1      | Reached XP level 2. HP: 21/22 MP: 2/2
   370 | D:1      | Reached skill level 5 in Polearms
   370 | D:1      | Reached XP level 3. HP: 28/28 MP: 3/3
   800 | D:2      | Reached XP level 4. HP: 20/34 MP: 4/4
   941 | D:2      | Reached skill level 1 in Armour
   994 | D:2      | Found a hide-covered altar of Uskayaw.
  1358 | D:2      | Found a glowing silver altar of Zin.
  1422 | D:3      | Reached skill level 6 in Polearms
  1484 | D:3      | Reached skill level 5 in Dodging
  1486 | D:3      | Noticed Natasha
  1500 | D:3      | Killed from afar by Natasha

Skill      XL: |  1  2  3  4 |
---------------+-------------+-----
Polearms       | 5 6 |  6.1
Armour         | 1 |  1.2
Dodging        | 5 |  5.0
Fighting       | |  2.7
Throwing       | |  2.1

Action                   |  1- 3 |  4- 6 || total
-------------------------+-------+-------++-------
Melee: Trident           |    90 |   104 ||   194
  Use: Potion            |     2 |       ||     2
       Scroll            |     2 |     6 ||     8
  Eat: Chunk             |       |     2 ||     2
Armor: Leather armour    |     6 |       ||     6
       Scale mail        |    18 |    42 ||    60
Dodge: Dodged            |    62 |    53 ||   115
